 Dungeon Crawl Stone Soup version 0.31-a0-983-g7b6862f502 (webtiles) character file.

Game seed: 17447205809727508953

193 sokol815 the Poker (level 5, -25/36 HPs)
             Began as an Octopode Fighter on Nov 2, 2023.
             Annihilated by an ogre
             ... wielding a +0 giant spiked club
              (32 damage)
             ... on level 4 of the Dungeon.
             The game lasted 00:04:18 (2366 turns).

sokol815 the Poker (Octopode Fighter)               Turns: 2366, Time: 00:04:19

Health: -25/36     AC:  1    Str: 15    XL:     5   Next: 72%
Magic:  14/14      EV: 13    Int: 12    God:
Gold:   163        SH:  4    Dex: 12    Spells: 4/4 levels left

rFire   . . .        a - +1 trident (venom)
rCold   . . .        b - +0 buckler
rNeg    . . .        (helmet restricted)
rPois   .            (no amulet)
rElec   .            f - ring of magical power {MP+9}
rCorr   .            (no ring)
SInv    .            (no ring)
Will    .....        (no ring)
Stlth   ++           (no ring)
HPRegen 0.26/turn    (no ring)
MPRegen 0.14/turn    (no ring)
                     (no ring)

%: no passive effects
@: no status effects
A: almost no armour, amphibious, 8 rings, camouflage 1, gelatinous body 1,
(nimble swimmer 1), tentacles
a: no special abilities


You were on level 4 of the Dungeon.
You visited 1 branch of the dungeon, and saw 4 of its levels.

You collected 163 gold pieces.

Inventory:

Hand Weapons
 a - a +1 trident of venom (weapon)
   (You found it on level 4 of the Dungeon)
 j - a +0 trident
 o - a +2 dagger of speed
   (You found it on level 3 of the Dungeon)
Missiles
 e - 7 poisoned darts
 g - 5 datura-tipped darts
 s - 46 stones
Armour
 b - a +0 buckler (worn)
 l - a +0 kite shield
   (You found it on level 2 of the Dungeon)
Jewellery
 f - a ring of magical power (left tentacle) {MP+9}
   (You found it on level 1 of the Dungeon)
Wands
 i - a wand of iceblast (4)
   (You found it on level 4 of the Dungeon)
Scrolls
 h - 2 scrolls of vulnerability {unknown}
 k - a scroll of fog {unknown}
 D - a scroll of blinking {!r}
 Y - a scroll of teleportation {@r3}
Potions
 d - 2 potions of enlightenment
 m - a potion of cancellation
 J - a potion of curing {@q1}
 M - a potion of might


   Skills:
 - Level 3.0 Fighting
 + Level 5.7 Polearms
 - Level 3.0 Dodging
 - Level 3.0 Shields
 * Level 0.4 Evocations


You had 4 spell levels left.
You didn't know any spells.
Your spell library contained the following spells:

 Spells                   Type           Power      Damage    Failure   Level
 Lesser Beckoning         Tloc           0%         N/A       54%         2
 Gell's Gravitas          Tloc           0%         N/A       78%         3
 Teleport Other           Tloc           0%         N/A       78%         3


Dungeon Overview and Level Annotations

Branches:
Dungeon (4/15) Zot: 21614
 Temple: D:4-7

Altars:

Annotations:
D:3 Ijyb


Innate Abilities, Weirdness & Mutations

You cannot wear most types of armour.
You are amphibious.
You can wear up to eight rings at the same time.
Your skin changes colour to match your surroundings (Stealth+).
Your rubbery body absorbs attacks. (AC +1, EV +1)
((You are camouflaged when in or above water. (Stealth+)))
You have tentacles for arms and can constrict up to eight enemies at once.


Message History

No target in view!
No target in view!
You see here a +0 leather armour.
You see here a +0 mace.
Found a stone staircase leading down.
Health restored: 36 A sleepcap comes into view.
A ball python comes into view.
You reach to attack!
You hit the sleepcap but do no damage. You hit the sleepcap but do no damage.
You grab the sleepcap. You constrict the sleepcap.
The sleepcap releases spores at you!
You take 9 damage, and have 27/36 hp.
MASSIVE DAMAGE!!
You hit the sleepcap. You constrict the sleepcap.
The sleepcap barely misses you.
You puncture the sleepcap! You constrict the sleepcap.
The ball python hisses angrily.
The sleepcap barely misses you.
You hit the sleepcap but do no damage.
You squeeze the sleepcap, but do no damage.
You constrict the sleepcap. The sleepcap releases spores at you.
A kobold comes into view. It is wielding a +0 whip.
You take 3 damage, and have 25/36 hp.
The kobold shouts!
You hit the sleepcap. You constrict the sleepcap.
The sleepcap releases spores at you.
You are engulfed in a cloud of soporific spores!
You fall asleep.
You lose your grip on the sleepcap.
The sleepcap releases spores at you.
You wake up.
You are engulfed in a cloud of soporific spores!
You are unaffected.
You take 7 damage, and have 18/36 hp.
You hit the sleepcap. You grab the sleepcap. You constrict the sleepcap.
You destroy the sleepcap!
The ball python bites you. The ball python grabs you.
The ball python constricts you.
You take 3 damage, and have 15/36 hp.
You barely miss the ball python. You grab the ball python.
You squeeze the ball python.
You kill the ball python!
The kobold hits you with a +0 whip.
There is a stone staircase leading down here.
You take 4 damage, and have 11/36 hp.
You hit the kobold. You grab the kobold. You constrict the kobold.
The kobold barely misses you.
You hit the kobold but do no damage. You constrict the kobold.
You kill the kobold!
Things that are here:
a +0 whip; a kobold corpse
i - a wand of iceblast (4)
You now have 144 gold pieces (gained 13).
s - 34 stones (gained 9)
Found a polished robe.
Health restored: 36 You see here a +0 robe.
You see here a +0 trident of venom.
Your +0 trident of venom begins to drip with poison!
j - a +0 trident of venom (weapon)
Adjust to which letter? (? for menu, Esc to quit)
a - a +0 trident of venom (weapon);
j - a +0 trident
Found a stone staircase leading down.
You now have 155 gold pieces (gained 11).
As you read the scroll of enchant weapon, it crumbles to dust.
Your +0 trident of venom glows red for a moment.
You now have 163 gold pieces (gained 8).
An adder comes into view.
The adder hisses angrily.
You reach to attack!
You puncture the adder! You puncture the adder!
You kill the adder!
No target in view!
No target in view!
s - 38 stones (gained 4)
A kobold comes into view. It is wielding a +0 whip.
You reach to attack!
The helpless kobold fails to defend itself.
You hit the kobold.
You kill the kobold!
No target in view!
No target in view!
s - 46 stones (gained 8)
An ogre comes into view. It is wielding a +0 giant spiked club.
The ogre shouts!
You puncture the ogre! The ogre closely misses you.
You hit the ogre.
The ogre hits you with a +0 giant spiked club!!
Ouch! That really hurt!
You take 24 damage, and have 12/36 hp.
MASSIVE DAMAGE!!
You hit the ogre.
The ogre hits you with a +0 giant spiked club.
* * * LOW HITPOINT WARNING * * *
You take 5 damage, and have 7/36 hp.
You puncture the ogre! Your squeeze misses the ogre. You hit the ogre.
The ogre is poisoned.
The ogre hits you with a +0 giant spiked club!!
Ouch! That really hurt!
You die...

.............#.############.#
.#.####...#..#..............#
.#....##.###.#..#############
................#
...........#.##.#
###...##.#.#.##.#
#....#.#.#.##.#
#....#.#.#.##.####
#.....>.......@O.#
########.#.##.##.# #.#..#.# #
#.# #.# #.# #.# #.# #.# #.


You could see an ogre (very poisoned).

Vanquished Creatures
  Terence (D:3)
  A sleepcap (D:4)
  3 gnolls (D:3)
  4 adders
  3 worms
  4 dart slugs
  5 ball pythons
  4 bats
  4 endoplasms
  3 giant cockroaches (D:1)
  4 goblins
  7 hobgoblins
  11 kobolds
  2 quokkas
  A frilled lizard (D:3)
  6 rats
63 creatures vanquished.

Vanquished Creatures (others)
  A goblin (D:3)
1 creature vanquished.

Grand Total: 64 creatures vanquished

Notes
Turn   | Place    | Note
-------+----------+-------------------------------------------
     0 | D:1      | sokol815 the Octopode Fighter began the quest for the Orb.
     0 | D:1      | Reached XP level 1. HP: 16/16 MP: 1/1
   241 | D:1      | Reached XP level 2. HP: 21/21 MP: 2/2
   421 | D:1      | Reached skill level 3 in Polearms
   693 | D:2      | Reached XP level 3. HP: 26/26 MP: 3/3
   936 | D:2      | Reached skill level 4 in Polearms
  1044 | D:2      | Reached XP level 4. HP: 31/31 MP: 4/4
  1594 | D:3      | Noticed Ijyb
  1744 | D:3      | Noticed Terence
  1764 | D:3      | Killed Terence
  1772 | D:3      | Reached skill level 5 in Polearms
  1775 | D:3      | Reached XP level 5. HP: 28/36 MP: 5/5
  2360 | D:4      | Noticed an ogre
  2364 | D:4      | HP: 7/36 [ogre/+0 giant spiked club (6)]
  2366 | D:4      | Annihilated by an ogre

Illustrated notes

Levels and vault maps discovered:
D:1:      kilobyte_arrival_exit_the_forest, layout_basic
D:2:      layout_basic, minmay_goblin_kobold_house
D:3:      layout_rooms, uniq_ijyb, uniq_terence
D:4:      layout_basic

Skill      XL: |  1  2  3  4 |
---------------+-------------+-----
Polearms       | 3 4 5 |  5.7
Fighting       | |  3.0
Dodging        | |  3.0
Shields        | |  3.0
Evocations     | |  0.4

Action                     |  1- 3 |  4- 6 || total
---------------------------+-------+-------++-------
  Melee: Trident           |    61 |    92 ||   153
         Constrict         |     6 |    15 ||    21
         Tentacles         |     5 |     6 ||    11
    Use: Scroll            |     1 |     6 ||     7
   Stab: Sleeping          |    14 |     7 ||    21
 Armour: Skin              |    10 |    29 ||    39
  Dodge: Dodged            |    18 |    31 ||    49
  Block: Buckler           |     7 |     8 ||    15

Table legend: (Time is in decaauts)
 A = Elapsed time spent in this place.
 B = Non-inter-level travel time spent in this place.
 C = Inter-level travel time spent in this place.
 D = Time resting spent in this place.
 E = Time spent auto-exploring this place.
 F = Levels seen in this place.
 G = Mean time per level.
                   A        B        C        D        E       F      G
               +--------+--------+--------+--------+--------+-----+--------+
         Total |   2384 |   2242 |    142 |    149 |   1566 |   4 |  596.0 |
       Dungeon |   2384 |   2242 |    142 |    149 |   1566 |   4 |  596.0 |
               +--------+--------+--------+--------+--------+-----+--------+

Top non-repeatable levels by time:
     D:2: 1001 daAuts
     D:1: 693 daAuts
     D:4: 365 daAuts
     D:3: 323 daAuts

Levels and vault maps discovered:
D:1:      kilobyte_arrival_exit_the_forest, layout_basic
D:2:      layout_basic, minmay_goblin_kobold_house
D:3:      layout_rooms, uniq_ijyb, uniq_terence
D:4:      layout_basic

Table legend: (Time is in decaauts)
 A = Elapsed time spent in this place.
 B = Non-inter-level travel time spent in this place.
 C = Inter-level travel time spent in this place.
 D = Time resting spent in this place.
 E = Time spent auto-exploring this place.
 F = Levels seen in this place.
 G = Mean time per level.
                   A        B        C        D        E       F      G
               +--------+--------+--------+--------+--------+-----+--------+
         Total |   2384 |   2242 |    142 |    149 |   1566 |   4 |  596.0 |
       Dungeon |   2384 |   2242 |    142 |    149 |   1566 |   4 |  596.0 |
               +--------+--------+--------+--------+--------+-----+--------+

Top non-repeatable levels by time:
     D:2: 1001 daAuts
     D:1: 693 daAuts
     D:4: 365 daAuts
     D:3: 323 daAuts

Table legend:
 A = Kills in this place as a percentage of kills in the entire game.
 B = Kills by you in this place as a percentage of kills by you in the entire game.
 C = Kills by friends in this place as a percentage of kills by friends in the entire game.
 D = Other kills in this place as a percentage of other kills in the entire game.
 E = Experience gained in this place as a percentage of experience gained in the entire game.
 F = Experience gained in this place divided by the number of levels of this place that you have seen.
                   A       B       C       D       E      F
               +-------+-------+-------+-------+-------+----------------------
         Total | 100.0 | 100.0 |   N/A | 100.0 | 100.0 |  69.0
       Dungeon | 100.0 | 100.0 |   N/A | 100.0 | 100.0 |  69.0
               +-------+-------+-------+-------+-------+----------------------
